AoeStats
← 17_Neo_

Black Forest

506614014Analyzed
1v1 RM · 18d ago on Sep 14, 2026· 50m 10s· 2 players
Game mode
Random Map
Map size
Tiny (2 player)
Population
200
Speed
Normal
Resources
Standard
Victory
Conquest
Starting age
Dark Age
Ending age
Imperial Age
RankedLock teamsTeams togetherTeam positionsShared explorationLock speedFull tech treeHidden civsTurbo modeCheats
Victory
Defeat
🇮🇹 Berbers · Italy
1662
+17
🇨🇴 Turks · Colombia
1682
-17
andreamancassola12
0:47 Loom
11:59 Feudal Age
12:04 Man-at-Arms
12:30 Arson
14:35 Double-Bit Axe
16:25 Horse Collar
18:01 Fletching
23:44 Castle Age
22:34 Padded Archer Armor
24:01 Gold Mining
23:53 Crossbowman
24:58 Bodkin Arrow
26:42 Leather Archer Armor
28:55 Bow Saw
32:53 Imperial Age
34:49 Chemistry
34:11 Conscription
34:51 Siege Engineers
35:30 Wheelbarrow
39:09 Thumb Ring
43:48 Bracer
44:44 Gold Shaft Mining
44:00 Stone Mining
17_Neo_
4:06 Loom
12:45 Feudal Age
16:52 Castle Age
24:53 Double-Bit Axe
28:28 Town Watch
31:33 Bow Saw
33:55 Wheelbarrow
37:21 Imperial Age
36:01 Horse Collar
37:00 Padded Archer Armor
37:01 Heavy Plow
38:07 Artillery
39:37 Scale Barding Armor
39:49 Bloodlines
39:40 Husbandry
43:58 Leather Archer Armor
Connection lost

Rejoining the realm…

Still unreachable

The connection could not be restored.

Session expired

The server has moved on; the page needs a fresh start.